 Dungeon Crawl Stone Soup version 0.30.1-11-g7821555f0a (webtiles) character file.

Game seed: 13702170459471932583

7 73612iajs the Magician (level 2, 0/13 HPs)
             Began as a Vine Stalker Hedge Wizard on Dec 7, 2023.
             Frozen to death by an endoplasm (1 damage)
             ... on level 1 of the Dungeon.
             The game lasted 00:01:51 (238 turns).

73612iajs the Magician (Vine Stalker Hedge Wizard)   Turns: 238, Time: 00:01:54

Health: 0/13       AC:  2    Str: 12    XL:     2   Next: 0%
Magic:  0/7        EV: 12    Int: 14    God:
Gold:   18         SH:  0    Dex: 13    Spells: 7/8 levels left

rFire   . . .        a - +0 dagger
rCold   . . .        (no shield)
rNeg    . . .        b - +0 robe
rPois   .            c - +0 hat
rElec   .            (no cloak)
rCorr   .            (no gloves)
SInv    .            (no boots)
Will    .....        (no amulet)
Stlth   ++           (no ring)
HPRegen 0.22/turn    (no ring)
MPRegen 0.10/turn

%: guardian spirit
@: no status effects
A: fangs 2, magic shield, antimagic bite, no potion heal 2
a: no special abilities


You were on level 1 of the Dungeon.
You visited 1 branch of the dungeon, and saw 1 of its levels.

You collected 18 gold pieces.

Inventory:

Hand Weapons
 a - a +0 dagger (weapon)
 e - a +0 dagger of holy wrath
 g - a +0 rapier
Armour
 b - a +0 robe (worn)
 c - a +0 hat (worn)
Scrolls
 f - a scroll of fear {unknown}
Potions
 d - a potion of magic


   Skills:
 + Level 1.7 Dodging
 + Level 2.4 Stealth
 + Level 3.6 Spellcasting
 + Level 1.0 Conjurations
 + Level 1.0 Summonings
 + Level 1.0 Translocations


You had 7 spell levels left.
You knew the following spells:

 Your Spells              Type           Power      Damage    Failure   Level
a - Magic Dart            Conj           20%        1d4       13%         1

Your spell library contained the following spells:

 Spells                   Type           Power      Damage    Failure   Level
 Slow                     Hex            8%         N/A       21%         1
 Blink                    Tloc           10%        N/A       21%         2
 Call Imp                 Summ           10%        N/A       21%         2
 Cigotuvi's Dreadful Rot  Necr/Pois/Air  4%         N/A       30%         2
 Mephitic Cloud           Conj/Pois/Air  3%         N/A       45%         3


Dungeon Overview and Level Annotations

Branches:
Dungeon (1/15)

Altars:


Innate Abilities, Weirdness & Mutations

You have extremely sharp teeth.
When hurt, damage is shared between your health and your magic reserves.
Your bite disrupts and absorbs the magic of your enemies.
Potions cannot restore your health.


Message History

You see here a +0 rapier.
g - a +0 rapier The dart slug launches a dart at you.
The slug dart hits you.
An endoplasm comes into view.
You see here 13 gold pieces.
The dart slug launches a dart at you. The slug dart hits you.
The endoplasm quivers.
You see here 13 gold pieces.
The dart slug launches a dart at you. The slug dart hits you.
You hit the dart slug. You bite the dart slug. You drain its power.
You feel invigorated.
The dart slug is moderately wounded.
You hit the dart slug but do no damage. You bite the dart slug.
You drain its power.
The dart slug is heavily wounded.
The dart slug bites you.
You hit the dart slug.
You bite the dart slug, but do no damage.
The dart slug is almost dead.
The dart slug launches a dart at you. The slug dart hits you.
The endoplasm freezes you.
You are frozen.
* * * LOW HITPOINT WARNING * * *
You hit the endoplasm but do no damage. You bite the endoplasm.
You drain its power.
You feel invigorated.
The endoplasm is lightly wounded.
The endoplasm freezes you.
You are frozen.
* * * LOW HITPOINT WARNING * * *
You hit the endoplasm but do no damage. You bite the endoplasm.
You drain its power.
You feel invigorated.
The endoplasm is moderately wounded.
The dart slug bites you. The endoplasm freezes you.
You are frozen.
You die...

#.# #.# #.# #.# #.# #.#
#......... #.###.#
#......!.. #...#.#
#......... #...#.#
#.........
#.#.#.#########.........
#....$J@w......w........
#.#.#.######.........##
#........# #..........##
#.#.#.##.# #.####.#.#...
#....... ..#.# #.......
#..##.... .#......#.#...
#......... ##...........
#####..... #....###...#
#.... #####


You could see a dart slug and an endoplasm.

Vanquished Creatures
  2 endoplasms (D:1)
  A goblin (D:1)
  A hobgoblin (D:1)
  A frilled lizard (D:1)
  A rat (D:1)
6 creatures vanquished.

Notes
Turn   | Place    | Note
-------+----------+-------------------------------------------
     0 | D:1      | 73612iajs the Vine Stalker Hedge Wizard began the quest for
                  | the Orb.
     0 | D:1      | Reached XP level 1. HP: 9/9 MP: 5/5
   204 | D:1      | Reached XP level 2. HP: 13/13 MP: 7/7
   238 | D:1      | Frozen to death by an endoplasm

Illustrated notes

Levels and vault maps discovered:
D:1:      evilmike_arrival_hilbert_curve, layout_basic, serial_glass,
          glass_columns_a, glass_columns_c, glass_columns_b, glass_columns_c,
          glass_columns_a, glass_columns_b

Action                     || total
---------------------------++-------
  Melee: Dagger            ||    33
         Bite              ||    14
 Armour: Robe              ||     3
  Dodge: Dodged            ||    10
